 Adventure DCSS version bcrawl-1.17.3 (webtiles) character file.

Game seed: 12287012051148283101

374 Borgoz the Skirmisher (level 6, -1/56 HPs)
             Began as a Ghoul Monk on Oct 26, 2019.
             Slain by a two-headed ogre
             ... wielding a +0 dire flail
              (2 damage)
             ... on level 4 of the Dungeon.
             The game lasted 00:08:08 (5260 turns).

Borgoz the Skirmisher (Ghoul Monk)                  Turns: 5260, Time: 00:08:08

Health: -1/56      AC:  6    Str: 16    XL:     6   Next: 72%
Magic:  0/6        EV: 13    Int:  5    God:
Gold:   366        SH:  0    Dex: 12    Spells: 5/5 levels left
                                        Lives:  0   Deaths: 2

rFire    . . .     SeeInvis .     - Unarmed
rCold    + . .     Gourm    .   (no shield)
rNeg     + + +     Faith    .   s - +0 ring mail
rPois    ∞         Spirit   +   b - +0 hat
rElec    .         Reflect  .   (no cloak)
rCorr    .         Harm     .   (no gloves)
MR       .....                  (no boots)
Stlth    +.........             c - amulet of guardian spirit
HPRegen  0.00/turn              q - ring of flight
MPRegen  0.10/turn              (no ring)

@: rotting
A: rotting body, claws 1, carnivore, cold resistance 1, negative energy
resistance 3, inhibited regeneration, torment resistance, unbreathing
a: Evoke Flight


You were on level 4 of the Dungeon.
You were not hungry.

You visited 2 branches of the dungeon, and saw 5 of its levels.

You collected 366 gold pieces.

Inventory:

Hand Weapons
 r - a +1 short sword of venom
Missiles
 h - 89 tomahawks (quivered)
Armour
 b - a +0 hat (worn)
 s - a +0 ring mail (worn)
Jewellery
 c - an amulet of guardian spirit (around neck)
 q - a ring of flight (left claw)
Wands
 k - a wand of digging (11)
Scrolls
 a - 3 scrolls of remove curse
 e - 2 scrolls of amnesia {unknown}
 g - 2 scrolls of teleportation
 l - a scroll of fog {unknown}
 m - a scroll of noise {unknown}
Potions
 d - a potion of invisibility {unknown}
 f - a potion of ambrosia {unknown}
 i - 2 potions of curing
 n - a potion of haste {unknown}
Comestibles
 o - 6 rations {!d}
 p - a chunk of flesh


   Skills:
 + Level 5.5 Fighting
 * Level 5.1 Armour
 + Level 4.6 Dodging
 - Level 2.4 Stealth
 + Level 5.5 Unarmed Combat
   Level 2.1 Invocations


You had 5 spell levels left.
You didn't know any spells.
Your spell library was empty.

Dungeon Overview and Level Annotations

Branches:
Dungeon (4/12)             Temple (1/1) D:4

Altars:
Cheibriados
Elyvilon
Hepliaklqana
Lugonu
Okawaru
Qazlal
Ru
Sif Muna
Trog
Uskayaw
Wu Jian
Yredelemnul
Zin
The Shining One


Innate Abilities, Weirdness & Mutations

Your body is rotting away.
You thrive on raw meat.
You are immune to poison.
You have sharp fingernails.
You are carnivorous and can eat meat at any time.
Your flesh is cold resistant. (rC+)
You are immune to negative energy. (rN+++)
You do not regenerate when monsters are visible.
You are immune to unholy pain and torment.
You can survive without breathing.


Message History

The two-headed ogre barely misses you.
You barely miss the two-headed ogre. Your claw misses the two-headed ogre.
The two-headed ogre is severely wounded.
The two-headed ogre hits you with a +0 dire flail!!
* * * LOW HITPOINT WARNING * * *
The two-headed ogre misses you.
You scratch the two-headed ogre.
The two-headed ogre is severely wounded.
You scratch the two-headed ogre.
The two-headed ogre is severely wounded.
The two-headed ogre hits you with a +0 dire flail!!
* * * LOW HITPOINT WARNING * * *
The two-headed ogre closely misses you.
You scratch the two-headed ogre but do no damage.
The two-headed ogre is severely wounded.
The two-headed ogre barely misses you. x2
You claw the two-headed ogre!
The two-headed ogre is almost dead.
The two-headed ogre hits you with a +0 dire flail.
You die...

###.##.##### #.# #.# ###.##.#
####.# #.# ....##'# ....# #.#
#####... # #..### #.## ... #.
#....# #... .(... #.#####..#
##.##
.....!.##...#...#########...#
.'...
..'....#................
##... #O@.###########...#
##.## ##.## #.# ######## #.#
#....... #.# #.##.... #.#
#....... #.# ####.### #.# #.#
#.###


You could see a two-headed ogre.

Vanquished Creatures
  Grinder (D:3)
  Sigmund (D:4)
  2 sky beasts (D:4)
  Blork the orc (D:4)
  A water moccasin skeleton (D:4)
  A crimson imp (D:4)
  2 iguanas
  Natasha (D:4)
  2 worker ants (D:4)
  A hound skeleton (D:4)
  5 gnolls (D:4)
  4 adders
  4 worms
  2 dart slugs (D:2)
  7 leopard geckos
  3 orcs
  5 giant cockroaches
  7 goblins
  12 hobgoblins
  3 jackals (D:1)
  13 kobolds
  A quokka (D:3)
  4 bats
  4 frilled lizards
  A quokka skeleton (D:4)
  6 rats
  A butterfly (D:4)
95 creatures vanquished.

Notes
Turn   | Place    | Note
-------+----------+-------------------------------------------
     0 | D:1      | Borgoz the Ghoul Monk began the quest for the Orb.
     0 | D:1      | Reached XP level 1. HP: 19/19 MP: 1/1
   221 | D:1      | Reached XP level 2. HP: 24/26 MP: 2/2
   378 | D:1      | Reached skill level 1 in Armour
   738 | D:1      | Reached XP level 3. HP: 31/31 MP: 3/3
  1343 | D:2      | Found a bloodstained altar of Trog.
  1849 | D:2      | Reached XP level 4. HP: 37/40 MP: 4/4
  1946 | D:2      | HP: 2/40 [iguana (1)]
  3347 | D:3      | Reached XP level 5. HP: 44/44 MP: 5/5
  3354 | D:3      | Found a hazy altar of Hepliaklqana.
  3424 | D:3      | Noticed Grinder
  3440 | D:3      | Paralysed by Grinder for 4 turns
  3446 | D:3      | Killed Grinder
  3446 | D:3      | Reached XP level 6. HP: 25/53 MP: 4/6
  3780 | D:4      | Noticed a sky beast
  3793 | D:4      | Killed a sky beast
  3793 | D:4      | Reached XP level 7. HP: 44/60 MP: 4/7
  3925 | D:4      | Noticed Blork the orc
  3942 | D:4      | Killed Blork the orc
  4129 | D:4      | Found a glowing golden altar of the Shining One.
  4177 | D:4      | Found a basalt altar of Yredelemnul.
  4194 | D:4      | Noticed a two-headed ogre
  4203 | D:4      | Mangled by a two-headed ogre
  4204 | D:4      | Reached XP level 6. HP: -9/55 MP: 0/6
  4266 | D:4      | Noticed a sky beast
  4284 | D:4      | Killed a sky beast
  4284 | D:4      | Reached skill level 5 in Fighting
  4284 | D:4      | Reached skill level 5 in Unarmed Combat
  4303 | D:4      | Reached XP level 7. HP: 21/61 MP: 0/7
  4342 | D:4      | Found a stormy altar of Qazlal.
  4464 | D:4      | Found a staircase to the Ecumenical Temple.
  4516 | Temple   | Entered the Ecumenical Temple
  4930 | D:4      | Noticed Sigmund
  4948 | D:4      | Killed Sigmund
  4948 | D:4      | Reached skill level 5 in Armour
  5119 | D:4      | Noticed Natasha
  5126 | D:4      | Killed Natasha
  5232 | D:4      | Mangled by a two-headed ogre
  5233 | D:4      | Reached XP level 6. HP: -6/56 MP: 0/6
  5258 | D:4      | HP: 1/56 [two-headed ogre/+0 dire flail (15)]
  5260 | D:4      | Slain by a two-headed ogre

Skill      XL: |  1  2  3  4  5  6  7 |
---------------+----------------------+-----
Armour         | 1 2 3 5 |  5.1
Dodging        | 3 4 |  4.6
Fighting       | 4 5 |  5.5
Unarmed Combat | 4 5 |  5.5
Stealth        | |  2.4
Invocations    | |  2.1

Action                   |  1- 3 |  4- 6 |  7- 9 || total
-------------------------+-------+-------+-------++-------
Melee: Unarmed           |   118 |   183 |   106 ||   407
       Punch             |       |     1 |     2 ||     3
Throw: Throwing net      |       |       |     1 ||     1
       Tomahawk          |       |       |     1 ||     1
  Use: Scroll            |     3 |     5 |       ||     8
       Potion            |       |     3 |     1 ||     4
 Stab: Sleeping          |     5 |       |     2 ||     7
       Distracted        |       |       |     1 ||     1
  Eat: Chunk             |     5 |     6 |    13 ||    24
Armor: Leather armour    |    21 |       |       ||    21
       Robe              |     2 |       |       ||     2
       Ring mail         |     4 |    36 |    12 ||    52
Dodge: Dodged            |    63 |    86 |    32 ||   181
